 Dungeon Crawl Stone Soup version 0.21.1-1-g345015f (webtiles) character file.

799 theblackcape the Fighter (level 7, -1/64 HPs)
             Began as a Gnoll Wanderer on June 23, 2018.
             Was an Initiate of Ashenzari.
             Slain by an orc priest
             ... wielding a +0 dagger
              (3 damage)
             ... on level 5 of the Dungeon.
             The game lasted 00:18:52 (4798 turns).

theblackcape the Fighter (Gnoll Wanderer)           Turns: 4798, Time: 00:18:53

Health: -1/64      AC:  8    Str: 14    XL:     7   Next: 90%
Magic:  11/11      EV: 15    Int: 13    God:    Ashenzari [......]
Gold:   194        SH:  0    Dex: 18    Spells: 11/11 levels left

rFire    + . .     SeeInvis .   a - +2 hand axe (curse)
rCold    + . .     Gourm    .   (no shield)
rNeg     + . .     Faith    .   e - +0 robe
rPois    +         Spirit   .   q - +0 helmet
rElec    +         Reflect  .   (no cloak)
rCorr    +         Harm     .   B - +2 pair of gloves
MR       .....                  k - +0 pair of boots
Stlth    +++.......             (no amulet)
HPRegen  0.20/turn              m - +2 ring of evasion
MPRegen  0.12/turn              u - ring of positive energy

@: resistant
A: distributed training, fangs 1, strong nose
a: Curse Item, Renounce Religion


You were on level 5 of the Dungeon.
You worshipped Ashenzari.
Ashenzari was noncommittal.
You were not hungry.

You visited 2 branches of the dungeon, and saw 6 of its levels.

You collected 194 gold pieces.

Inventory:

Hand Weapons
 a - a cursed +2 hand axe (weapon)
 b - a +0 shortbow
 h - a +3 arbalest
Missiles
 c - 94 arrows
Armour
 e - a +0 robe (worn)
 k - a +0 pair of boots (worn)
 q - a +0 helmet (worn)
 B - a +2 pair of gloves (worn)
Jewellery
 d - a +2 ring of strength
 m - a +2 ring of evasion (left hand)
 u - a ring of positive energy (right hand)
Scrolls
 j - a scroll of enchant weapon {unknown}
 r - 4 scrolls of identify
 w - 2 scrolls of remove curse
Potions
 g - a potion of agility {unknown}
 i - 6 potions of curing
 l - 2 potions of might {unknown}
 n - a potion of heal wounds {unknown}
 o - a potion of haste {unknown}
 p - 2 potions of mutation
 t - a potion of invisibility {unknown}
 v - a potion of resistance
 z - a potion of flight {unknown}
 A - a potion of berserk rage {unknown}
Comestibles
 f - 6 rations
 s - 11 chunks of flesh


   Skills:
 + Level 9.0 Fighting
 + Level 2.7 Short Blades
 + Level 2.7 Long Blades
 + Level 3.8 Axes
 + Level 2.7 Maces & Flails
 + Level 2.7 Polearms
 + Level 2.7 Staves
 + Level 2.7 Slings
 + Level 2.7 Bows
 + Level 2.7 Crossbows
 + Level 2.7 Throwing
 + Level 7.1 Armour
 + Level 2.7 Dodging
 + Level 3.6 Stealth
 + Level 2.7 Shields
 + Level 2.7 Unarmed Combat
 + Level 2.7 Spellcasting
 + Level 2.2 Conjurations
 + Level 2.2 Hexes
 + Level 2.2 Charms
 + Level 2.2 Summonings
 + Level 2.2 Necromancy
 + Level 2.2 Translocations
 + Level 2.2 Transmutations
 + Level 2.2 Fire Magic
 + Level 2.2 Ice Magic
 + Level 2.2 Air Magic
 + Level 2.2 Earth Magic
 + Level 2.2 Poison Magic
 + Level 3.0 Invocations
 + Level 3.8 Evocations


You had 11 spell levels left.
You didn't know any spells.

Dungeon Overview and Level Annotations

Branches:
Dungeon (5/15)             Temple (1/1) D:4

Altars:
Ashenzari
Cheibriados
Dithmenos
Elyvilon
Fedhas
Gozag
Hepliaklqana
Kikubaaqudgha
Makhleb
Nemelex Xobeh
Okawaru
Ru
Sif Muna
Trog
Uskayaw
Vehumet
Wu Jian
Xom
Yredelemnul
The Shining One

Annotations:
D:4 HedoNNN's ghost, amateur HOFi
D:5 kaytrill's ghost, novice TrBe


Innate Abilities, Weirdness & Mutations

Your experience applies equally to all skills.
You have very sharp teeth.
Your uncanny sense of smell can sniff out nearby items.


Message History

You completely miss the orc priest. Your punch misses the orc priest.
The orc priest is severely wounded.
You hit the orc priest.
The orc priest invokes the aid of Beogh against you.
Pain shoots through your body!
* * * LOW HITPOINT WARNING * * *
You hit the orc priest.
The orc priest is almost dead.
You barely miss the orc priest. The orc priest hits you with a flail.
* * * LOW HITPOINT WARNING * * *
The orc priest misses you.
You hit the orc priest.
You kill the orc priest!
You closely miss the orc priest. The orc priest completely misses you.
The orc priest hits you but does no damage.
You hit the orc priest but do no damage.
Your bite misses the orc priest.
The orc priest is heavily wounded.
The orc priest hits you with a dagger.
You die...

.........# #..........
.........###.#........
........÷÷...#.....(..
.......÷.............
+#########......>....
.......# #......###.
######.###.##...#
#.#.#.#.##.##...########
.#.#.#.###......@)....%#
#.#.#.#.........)o...#.#
.#.#.#.#.............#
#.#.#.#............?.#
.#.#.#.#..........####
#.#.#.#...........#
.#.#.#.#..........#
#.#.#.#+..........# .#
.#.#.#.#......... .#


You could see an orc priest.

Vanquished Creatures
  An ogre (D:4)
  A big kobold (D:3)
  A scorpion (D:4)
  A crimson imp (D:4)
  A bullfrog zombie (D:5)
  4 orc wizards
  4 orc priests
  A centaur skeleton (D:5)
  A hound (D:5)
  An iguana (D:3)
  A worker ant (D:4)
  3 adders
  2 oozes
  An adder skeleton (D:4)
  3 worms
  4 dart slugs
  3 leopard geckos
  16 orcs
  4 ball pythons
  3 bats
  5 giant cockroaches
  7 goblins
  8 hobgoblins
  17 jackals
  2 quokkas
  6 frilled lizards
  17 kobolds
  A quokka zombie (D:5)
  11 rats
130 creatures vanquished.

Notes
Turn   | Place    | Note
-------+----------+-------------------------------------------
     0 | D:1      | theblackcape the Gnoll Wanderer began the quest for the Orb.
     0 | D:1      | theblackcape set off with: a +2 hand axe, a +0 shortbow, 26 arrows, a potion of lignification, a +0 robe, a ration
     0 | D:1      | Reached XP level 1. HP: 26/26 MP: 2/2
    97 | D:1      | Reached XP level 2. HP: 26/33 MP: 3/3
   281 | D:1      | Reached XP level 3. HP: 22/38 MP: 4/4
   807 | D:1      | Reached skill level 1 in Invocations
   863 | D:2      | Found a faded altar of an unknown god.
   943 | D:2      | Reached skill level 1 in Short Blades
   943 | D:2      | Reached skill level 1 in Long Blades
   943 | D:2      | Reached skill level 1 in Maces & Flails
   943 | D:2      | Reached skill level 1 in Polearms
   943 | D:2      | Reached skill level 1 in Staves
   943 | D:2      | Reached skill level 1 in Slings
   943 | D:2      | Reached skill level 1 in Bows
   943 | D:2      | Reached skill level 1 in Crossbows
   943 | D:2      | Reached skill level 1 in Throwing
   943 | D:2      | Reached skill level 1 in Dodging
   943 | D:2      | Reached skill level 1 in Shields
   943 | D:2      | Reached skill level 1 in Unarmed Combat
   943 | D:2      | Reached skill level 1 in Spellcasting
   951 | D:2      | Found a bloodstained altar of Trog.
   957 | D:2      | Reached XP level 4. HP: 43/45 MP: 6/6
  1301 | D:2      | Found a faded altar of an unknown god.
  1301 | D:2      | Found an ornate altar of the Wu Jian Council.
  1306 | D:2      | Found a faded altar of an unknown god.
  1309 | D:2      | Found an opulent altar of Gozag.
  1310 | D:2      | Found a basalt altar of Yredelemnul.
  1462 | D:3      | Noticed a big kobold
  1487 | D:3      | Killed a big kobold
  1487 | D:3      | Reached skill level 1 in Conjurations
  1487 | D:3      | Reached skill level 1 in Hexes
  1487 | D:3      | Reached skill level 1 in Charms
  1487 | D:3      | Reached skill level 1 in Summonings
  1487 | D:3      | Reached skill level 1 in Necromancy
  1487 | D:3      | Reached skill level 1 in Translocations
  1487 | D:3      | Reached skill level 1 in Transmutations
  1487 | D:3      | Reached skill level 1 in Fire Magic
  1487 | D:3      | Reached skill level 1 in Ice Magic
  1487 | D:3      | Reached skill level 1 in Air Magic
  1487 | D:3      | Reached skill level 1 in Earth Magic
  1487 | D:3      | Reached skill level 1 in Poison Magic
  1487 | D:3      | Reached XP level 5. HP: 21/51 MP: 7/7
  1952 | D:3      | Reached XP level 6. HP: 49/57 MP: 8/8
  2961 | D:4      | Found a staircase to the Ecumenical Temple.
  3024 | Temple   | Entered the Ecumenical Temple
  3085 | Temple   | Became a worshipper of Ashenzari the Shackled
  3383 | D:4      | Found a shimmering altar of Xom.
  3415 | D:4      | Reached XP level 7. HP: 24/63 MP: 10/10
  3686 | D:4      | Noticed HedoNNN's ghost (amateur HOFi)
  4184 | D:5      | Entered Level 5 of the Dungeon
  4332 | D:5      | Noticed kaytrill's ghost (novice TrBe)
  4754 | D:5      | Reached skill level 9 in Fighting
  4796 | D:5      | HP: 2/64 [orc priest/flail (3)]
  4798 | D:5      | Slain by an orc priest

Skill      XL: |  1  2  3  4  5  6  7 |
---------------+----------------------+-----
Invocations    | 1 2 3 |  3.0
Short Blades   | 1 2 |  2.7
Long Blades    | 1 2 |  2.7
Maces & Flails | 1 2 |  2.7
Polearms       | 1 2 |  2.7
Staves         | 1 2 |  2.7
Slings         | 1 2 |  2.7
Bows           | 1 2 |  2.7
Crossbows      | 1 2 |  2.7
Throwing       | 1 2 |  2.7
Dodging        | 1 2 |  2.7
Shields        | 1 2 |  2.7
Unarmed Combat | 1 2 |  2.7
Spellcasting   | 1 2 |  2.7
Conjurations   | 1 2 |  2.2
Hexes          | 1 2 |  2.2
Charms         | 1 2 |  2.2
Summonings     | 1 2 |  2.2
Necromancy     | 1 2 |  2.2
Translocations | 1 2 |  2.2
Transmutations | 1 2 |  2.2
Fire Magic     | 1 2 |  2.2
Ice Magic      | 1 2 |  2.2
Air Magic      | 1 2 |  2.2
Earth Magic    | 1 2 |  2.2
Poison Magic   | 1 2 |  2.2
Axes           | 3 |  3.8
Evocations     | 3 |  3.8
Stealth        | 3 |  3.6
Armour         | 7 |  7.1
Fighting       | 9 |  9.0

Action                   |  1- 3 |  4- 6 |  7- 9 || total
-------------------------+-------+-------+-------++-------
Melee: Hand axe          |   102 |   221 |   134 ||   457
       Bite              |    11 |    21 |    14 ||    46
       Punch             |       |       |     1 ||     1
Invok: Curse Item        |       |     1 |       ||     1
  Use: Scroll            |       |     7 |     4 ||    11
       Potion            |       |     2 |     2 ||     4
 Stab: Sleeping          |     5 |     4 |     4 ||    13
       Distracted        |       |       |     1 ||     1
  Eat: Chunk             |       |     8 |     2 ||    10
       Ration            |       |       |     1 ||     1
Armor: Robe              |    25 |    44 |    28 ||    97
       Skin              |       |     4 |    14 ||    18
Dodge: Dodged            |    71 |   157 |    84 ||   312
